 Dungeon Crawl Stone Soup version 0.19-a0-1580-g8817a36 (webtiles) character file.

8404 MackTheKnife the Basher (level 11, 0/83 HPs)
             Began as a Formicid Wanderer on Sept 16, 2016.
             Was a Priest of Hepliaklqana.
             Slain by an orc knight
             ... wielding a +0 dire flail
              (15 damage)
             ... on level 10 of the Dungeon.
             The game lasted 00:21:24 (11209 turns).

MackTheKnife the Basher (Formicid Wanderer)        Turns: 11209, Time: 00:21:24

Health: 0/83       AC: 13    Str: 21    XL:     11   Next: 55%
Magic:  11/11      EV:  9    Int: 10    God:    Hepliaklqana [***...]
Gold:   292        SH:  0    Dex: 13    Spells: 0 memorised, 10 levels left

rFire  + . .     SeeInvis +     E - +2 morningstar (drain)
rCold  . . .     Gourm    .     u - +4 chain mail {rF+}
rNeg   + . .     Faith    .     (no shield)
rPois  .         Spirit   .     (helmet unavailable)
rElec  .         Dismiss  .     (no cloak)
rCorr  .         Reflect  .     (no gloves)
MR     ++...     Harm     .     x - +0 pair of boots
Stlth  ..........               (no amulet)
                                p - +2 ring of evasion
                                g - ring of positive energy {rN+}

@: very slightly contaminated, invisible
A: permanent stasis, dig shafts and tunnels, four strong arms, reduced essence,
antennae 3, thin skeletal structure 1, magic resistance 1
a: Dig, Shaft Self, Recall Ancestor, Ancestor Identity, Transference, Renounce
Religion


You were on level 10 of the Dungeon.
You worshipped Hepliaklqana.
Hepliaklqana was most pleased with you.
You were not hungry.

You visited 2 branches of the dungeon, and saw 11 of its levels.

You collected 588 gold pieces.
You spent 296 gold pieces at shops.

Inventory:

Hand Weapons
 a - a +2 whip of electrocution
   (You took it off a kobold on level 1 of the Dungeon)
 y - a +1 battleaxe of chopping
   (You took it off an orc warrior on level 9 of the Dungeon)
 E - a +2 morningstar of draining (weapon)
   (You bought it in a shop on level 10 of the Dungeon)
Missiles
 h - 3 throwing nets {=f, !d}
Armour
 u - a +4 chain mail of fire resistance (worn)
   (You took it off Edmund on level 5 of the Dungeon)
 x - a +0 pair of boots (worn)
   (You found it on level 7 of the Dungeon)
Jewellery
 g - a ring of positive energy (left hand) {rN+}
   (You found it on level 1 of the Dungeon)
 p - a +2 ring of evasion (right hand)
   (You found it on level 5 of the Dungeon)
Wands
 e - a wand of digging (24/24)
   (You found it on level 7 of the Dungeon)
 v - a wand of flame (25/48)
   (You took it off Edmund on level 5 of the Dungeon)
 H - a wand of polymorph (19/24)
   (You found it on level 10 of the Dungeon)
Scrolls
 b - a scroll of magic mapping {!r}
 d - 2 scrolls of fog
 i - 4 scrolls of remove curse
 w - a scroll of immolation {!r}
 A - a scroll of fear
 D - a scroll of amnesia
 F - a scroll of recharging
Potions
 k - 2 potions of heal wounds
 n - 2 potions of invisibility
 o - a potion of ambrosia
 q - a potion of brilliance
 r - a potion of cure mutation {!q}
 t - 3 potions of cancellation
 z - a potion of agility
 B - a potion of lignification {!q}
 C - a potion of flight
 G - a potion of berserk rage {!q}
Comestibles
 c - 16 fruits
 f - 8 bread rations {@e1}
 l - 2 meat rations {@e2}
 s - a royal jelly


   Skills:
 - Level 11.3 Fighting
 + Level 13.7 Maces & Flails
 - Level 1.0 Dodging
 - Level 1.2 Stealth
 - Level 2.0 Unarmed Combat
 - Level 1.1 Evocations


You had 10 spell levels left.
You didn't know any spells.

Dungeon Overview and Level Annotations

Branches:
Dungeon (10/15)            Temple (1/1) D:7             Orc (0/2) D:9
   Lair: D:8-11

Altars:
Cheibriados
Hepliaklqana
Makhleb
Ru
Sif Muna
Vehumet
Xom
Yredelemnul

Shops:
D:6 %   D:10 ?(


Innate Abilities, Weirdness & Mutations

You are under a permanent stasis effect.
You can dig through walls and to a lower floor.
Your four strong arms can wield two-handed weapons with a shield.
You have a pair of large antennae on your head. (SInv)
Your life essence is reduced. (-10% HP)
You have a somewhat thin skeletal structure. (Dex +2, Stealth)
You are resistant to hostile enchantments. (MR+)


Message History

You sock the orc!
You kill the orc!
You take 2 damage, and have 81/83 hp.
An orc comes into view.
The orc shouts!
An orc comes into view. It is wielding a hand axe.
Unknown command.
There are monsters nearby!
There are monsters nearby!
The orc shouts!
The orc hits you but does no damage.
You barely miss the orc. The orc hits you with a short sword.
You take 5 damage, and have 76/83 hp.
Unknown command.
You barely miss the orc.
Vygotskij hits the orc with a quarterstaff.
The orc hits you but does no damage.
Your chain mail prevents you from hitting the orc.
You punch the orc, but do no damage. You puncture the orc!
You kill the orc!
The orc barely misses you.
You impale the orc!!
You kill the orc!
The orc closely misses you.
You impale the orc!!
You kill the orc!
An orc comes into view. It is wielding a dagger.
There is a huge open gate here.
The orc hits you but does no damage.
You puncture the orc!
You kill the orc!
No target in view!
No target in view!
No target in view!
An orc knight comes into view. It is wielding a dire flail.
There is an open door here.
Things that are here:
a dagger; an orc corpse The orc knight shouts!
An orc warrior comes into view. It is wielding a glaive.
You swap places.
The orc knight hits you with a dire flail!
Vygotskij casts a spell at the orc knight.
The stone arrow hits the orc knight.
An orc comes into view. It is wielding a whip.
You take 6 damage, and have 73/83 hp.
Unknown command.
You barely miss the orc knight.
The orc knight hits you with a dire flail!
You take 11 damage, and have 62/83 hp.
You closely miss the orc knight.
Vygotskij casts a spell at the orc knight.
The puff of frost hits the orc knight.
The orc warrior hits you from afar with a glaive.
The orc knight misses you.
You take 6 damage, and have 56/83 hp.
You hit the orc knight but do no damage.
You drain the orc knight!
Vygotskij misses the orc knight.
The orc knight completely misses you.
You barely miss the orc knight.
The orc warrior hits you from afar with a glaive!
Vygotskij gestures at the orc knight while chanting.
The stone arrow hits the orc knight.
You closely miss the orc knight.
The orc knight hits you with a dire flail!
The orc warrior hits you from afar with a glaive!
Vygotskij barely misses the orc knight.
You take 29 damage, and have 27/83 hp.
MASSIVE DAMAGE!!
You barely miss the orc knight.
The orc knight hits you with a dire flail!
* * * LOW HITPOINT WARNING * * *
You take 7 damage, and have 20/83 hp.
You sock the orc knight!
Vygotskij barely misses the orc knight.
The orc warrior hits you from afar with a glaive!
* * * LOW HITPOINT WARNING * * *
You take 7 damage, and have 13/83 hp.
Unknown command.
You feel much better.
The orc knight hits you with a dire flail!
Vygotskij hits the orc knight but does no damage.
The orc hits you with a whip.
* * * LOW HITPOINT WARNING * * *
The orc warrior hits you but does no damage.
You regained 11 hp, and now have 24/83 hp.
You fade into invisibility!
The orc knight hits you with a dire flail!
* * * LOW HITPOINT WARNING * * *
Vygotskij hits the orc knight with a quarterstaff!
The orc hits you but does no damage.
You are very lightly contaminated with residual magic.
An orc comes into view. It is wielding a hand axe.
You take 10 damage, and have 14/83 hp.
Unknown command.
The orc shouts!
You hit the orc knight. You drain the orc knight!
The orc warrior barely misses you.
The orc knight hits you with a dire flail!
You die...

#...............................
..................†..............
.≈≈≈≈≈≈≈≈≈≈≈≈≈≈≈≈≈≈≈....≈≈≈≈≈≈≈≈≈
≈≈≈≈≈≈≈≈≈≈≈≈≈≈≈....≈≈≈≈≈≈≈≈≈
≈≈≈≈≈≈≈≈≈≈)...≈≈≈≈≈≈≈≈≈
...........)..........
###########''''#########
o.........#....#...
.....oo@..)....'...
......oR..#....#....
#################### {


{{{{{ {{ { {{{{ {{ You could see the friendly Vygotskij the battlemage, an orc
knight, an orc warrior and 2 orcs.

Vanquished Creatures
  A two-headed ogre (D:8)
  A spriggan (D:7)
  A wyvern (D:9)
  4 yaks (D:10)
  2 wargs
  Edmund (D:5)
  7 orc warriors
  Duvessa (D:5)
  2 ice beasts
  A sky beast (D:5)
  A black bear (D:8)
  4 phantoms
  3 ogres
  A necrophage (D:7)
  The ghost of SkyBlueFox the Magician, an amateur DsWn (D:3)
  A centaur (D:7)
  2 crocodiles
  4 bullfrogs
  A gnoll sergeant (D:9)
  Dowan (D:5)
  2 jellies
  8 killer bees
  An electric eel (D:9)
  A centaur zombie (D:5)
  5 howler monkeys
  2 bullfrog zombies
  2 crimson imps
  2 quasits
  9 orc priests
  A wasp zombie (D:9)
  A hound (D:9)
  10 orc wizards
  A bullfrog skeleton (D:4)
  A centaur skeleton (D:5)
  2 iguanas
  4 worker ants
  A hound zombie (D:9)
  3 hound skeletons
  A worker ant zombie (D:5)
  Robin (D:2)
  17 gnolls
  10 adders
  2 shadow imps
  2 oozes
  An adder skeleton (D:4)
  4 adder zombies
  A worm (D:3)
  2 dart slugs
  5 leopard geckos
  42 orcs
  A ball python (D:2)
  3 giant cockroaches
  15 goblins
  7 hobgoblins
  6 jackals
  4 quokkas
  6 bats
  3 frilled lizards
  A jackal skeleton (D:7)
  2 jackal zombies (D:5)
  6 kobolds
  7 rats
245 creatures vanquished.

Vanquished Creatures (collateral kills)
  A hydra (D:10)
  An ugly thing (D:10)
  A yak (D:9)
  A hungry ghost (D:10)
  A mottled dragon (D:9)
  3 wargs (D:10)
  An orc warrior (D:10)
  A phantom (D:10)
  A wyvern zombie (D:8)
  A scorpion (D:8)
  A killer bee (D:8)
  A howler monkey (D:7)
  A gnoll shaman (D:8)
  A worker ant (D:8)
  A gnoll (D:9)
  4 orcs
21 creatures vanquished.

Vanquished Creatures (others)
  An ancestor (D:9)
  A battlemage (D:10)
2 creatures vanquished.

Grand Total: 268 creatures vanquished

Notes
Turn   | Place    | Note
-------+----------+-------------------------------------------
     0 | D:1      | MackTheKnife the Formicid Wanderer began the quest for the Orb.
     0 | D:1      | MackTheKnife set off with: a +2 dagger, a potion of haste, a potion of curing, a potion of lignification {!q}, a +0 robe, a bread ration {@e1}
     0 | D:1      | Reached XP level 1. HP: 20/20 MP: 1/1
   193 | D:1      | Reached XP level 2. HP: 24/26 MP: 2/2
   262 | D:1      | Reached skill level 2 in Maces & Flails
  1022 | D:1      | Reached XP level 3. HP: 31/31 MP: 3/3
  1270 | D:2      | Reached skill level 3 in Maces & Flails
  1456 | D:2      | Reached XP level 4. HP: 37/38 MP: 4/4
  1576 | D:2      | HP: 8/38 [gnoll/spear (5)]
  1587 | D:2      | Reached skill level 4 in Maces & Flails
  1588 | D:2      | HP: 10/57 [bat (1)]
  2305 | D:3      | Noticed Robin
  2504 | D:3      | Reached XP level 5. HP: 41/43 MP: 5/5
  2519 | D:2      | Killed Robin
  2626 | D:3      | Gained mutation: You are resistant to hostile enchantments. (MR+) [potion of mutation]
  2626 | D:3      | Gained mutation: You have a somewhat thin skeletal structure. (Dex +2, Stealth) [potion of mutation]
  2685 | D:3      | Reached skill level 5 in Maces & Flails
  2809 | D:3      | Noticed SkyBlueFox's ghost (amateur DsWn)
  2829 | D:3      | Killed SkyBlueFox's ghost
  2829 | D:3      | Reached XP level 6. HP: 19/49 MP: 6/6
  3342 | D:3      | Reached skill level 6 in Maces & Flails
  3364 | D:3      | Noticed an ogre
  3370 | D:3      | Killed an ogre
  3370 | D:3      | Reached XP level 7. HP: 44/55 MP: 7/7
  3785 | D:3      | Reached skill level 7 in Maces & Flails
  4557 | D:5      | Entered Level 5 of the Dungeon
  4602 | D:5      | Reached skill level 8 in Maces & Flails
  4868 | D:5      | Reached XP level 8. HP: 42/61 MP: 8/8
  4973 | D:5      | Reached skill level 5 in Fighting
  5166 | D:5      | Noticed Edmund
  5196 | D:5      | Noticed Duvessa
  5246 | D:5      | Killed Duvessa
  5246 | D:5      | Reached skill level 6 in Fighting
  5246 | D:5      | Reached skill level 9 in Maces & Flails
  5446 | D:5      | Killed Edmund
  5505 | D:5      | Noticed Dowan
  5513 | D:5      | Killed Dowan
  5517 | D:5      | Reached XP level 9. HP: 68/71 MP: 9/9
  5605 | D:5      | Reached skill level 7 in Fighting
  5739 | D:5      | Found a radiant altar of Vehumet.
  6442 | D:6      | Reached skill level 10 in Maces & Flails
  6511 | D:6      | Found Meojirru's Food Shop.
  6584 | D:6      | Reached skill level 8 in Fighting
  7654 | D:7      | Reached skill level 9 in Fighting
  7707 | D:7      | Reached XP level 10. HP: 71/83 MP: 10/10
  7925 | D:7      | Found a staircase to the Ecumenical Temple.
  7930 | Temple   | Entered the Ecumenical Temple
  7941 | Temple   | Became a worshipper of Hepliaklqana
  8239 | D:7      | Reached skill level 11 in Maces & Flails
  8642 | D:8      | Reached * piety under Hepliaklqana
  8705 | D:8      | Reached skill level 10 in Fighting
  8989 | D:8      | Found a shimmering altar of Xom.
  9204 | D:6      | Found a burning altar of Makhleb.
  9574 | D:9      | Found a staircase to the Orcish Mines.
  9975 | D:9      | Reached skill level 12 in Maces & Flails
  9996 | D:9      | Reached skill level 11 in Fighting
 10285 | D:9      | Reached XP level 11. HP: 83/83 MP: 11/11
 10322 | D:9      | Reached ** piety under Hepliaklqana
 10323 | D:9      | Remembered your ancestor Vygotskij as a battlemage
 10459 | D:10     | Entered Level 10 of the Dungeon
 10499 | D:10     | Found Kuxeklyo's Weapon Shoppe.
 10502 | D:10     | Bought a +2 morningstar of draining for 268 gold pieces
 10504 | D:10     | Noticed a four-headed hydra
 10513 | D:10     | Killed a four-headed hydra
 10693 | D:10     | Noticed a cyan ugly thing
 10701 | D:10     | Killed a cyan ugly thing
 10701 | D:10     | Reached skill level 13 in Maces & Flails
 11115 | D:10     | Reached *** piety under Hepliaklqana
 11135 | D:10     | Found Akhlosacai's Magic Scroll Boutique.
 11160 | D:10     | Bought a scroll of identify for 28 gold pieces
 11195 | D:10     | Noticed an orc knight
 11205 | D:10     | HP: 20/83 [orc knight/dire flail (7)]
 11209 | D:10     | Slain by an orc knight

Vault maps used:
D:1:      dpeg_arrival_rhombus, serial_co_window_serial,
          co_window_of_opportunity_a, co_window_corner_a, co_window_corner_a,
          co_window_corner_a, co_window_corner_a, co_window_broadway_a,
          co_window_of_opportunity_b, co_window_2corner, co_window_corner_ca,
          co_window_broadway_a, co_window_of_opportunity_b, co_window_paths_e,
          minivault_19
D:2:      bh_chokoban
D:3:      first_bread, minmay_misc_feat_encased, uniq_robin
D:4:      serial_curves, eino_curves_04, eino_curves_01, eino_curves_03,
          eino_curves_01
D:5:      basic_altar, serial_undead, serial_undead_e, serial_undead_f,
          serial_undead_a, serial_undead_f, uniq_duvessa, uniq_edmund
D:6:      lemuel_upstairs_altar, serial_shops, nicolae_shop_waterfront
D:7:      serial_co_window_serial, co_window_paths_a, co_window_cross_1,
          co_window_corner_a, co_window_paths_a, co_window_paths_a,
          co_window_paths_b, co_window_cross_1, co_window_2corner,
          co_window_cross_3, co_window_broadway_c, co_window_cross_2,
          co_window_corner_ca, co_window_corner_cb, co_window_broadway_b,
          co_window_paths_e, glass_columns_a, glass_columns_a, glass_columns_c,
          the_bakery
D:8:      basic_altar
D:9:      david_orc_1_choice, serial_bayou, serial_bayou_pond_b,
          serial_bayou_crossing, serial_bayou_shore_b, serial_bayou_lagoon_a
D:10:     lemuel_castle_with_subvaults, serial_shops, kennysheep_mini,
          shop_fountains, uniq_gastronok
Temple:   nicolae_temple_the_god_donut

Skill      XL: |  1  2  3  4  5  6  7  8  9 10 11 |
---------------+----------------------------------+-----
Maces & Flails | 2 3 4 5 6 8 9 10 12 13 | 13.7
Fighting       | 6 9 11 | 11.3
Dodging        | |  1.0
Stealth        | |  1.2
Unarmed Combat | |  2.0
Evocations     | |  1.1

Action                   |  1- 3 |  4- 6 |  7- 9 | 10-12 || total
-------------------------+-------+-------+-------+-------++-------
Melee: Whip              |    66 |   127 |   357 |   283 ||   833
       Dagger            |     2 |       |       |       ||     2
       Punch             |     1 |       |     2 |     3 ||     6
       Morningstar       |       |       |       |    96 ||    96
Invok: Ancestor Identity |       |       |       |     1 ||     1
       Ancestor Life: Ba |       |       |       |     1 ||     1
  Use: Scroll            |     2 |     4 |     6 |    12 ||    24
       Potion            |       |     4 |     1 |     2 ||     7
 Stab: Sleeping          |     1 |     3 |     3 |       ||     7
       Invisible         |       |     2 |       |       ||     2
       Distracted        |       |       |       |     2 ||     2
  Eat: Chunk             |     2 |     5 |    10 |    11 ||    28
       Bread ration      |       |       |     1 |       ||     1
       Pizza             |       |       |       |     1 ||     1
       Beef jerky        |       |       |       |     1 ||     1
Armor: Chain mail        |    25 |       |    48 |   129 ||   202
       Robe              |     2 |       |       |       ||     2
       Leather armour    |       |    18 |       |       ||    18
       Skin              |       |     4 |    18 |       ||    22
       Ring mail         |       |    11 |    28 |       ||    39
Dodge: Dodged            |    31 |    57 |   113 |   111 ||   312

Vault maps used:
D:1:      dpeg_arrival_rhombus, serial_co_window_serial,
          co_window_of_opportunity_a, co_window_corner_a, co_window_corner_a,
          co_window_corner_a, co_window_corner_a, co_window_broadway_a,
          co_window_of_opportunity_b, co_window_2corner, co_window_corner_ca,
          co_window_broadway_a, co_window_of_opportunity_b, co_window_paths_e,
          minivault_19
D:2:      bh_chokoban
D:3:      first_bread, minmay_misc_feat_encased, uniq_robin
D:4:      serial_curves, eino_curves_04, eino_curves_01, eino_curves_03,
          eino_curves_01
D:5:      basic_altar, serial_undead, serial_undead_e, serial_undead_f,
          serial_undead_a, serial_undead_f, uniq_duvessa, uniq_edmund
D:6:      lemuel_upstairs_altar, serial_shops, nicolae_shop_waterfront
D:7:      serial_co_window_serial, co_window_paths_a, co_window_cross_1,
          co_window_corner_a, co_window_paths_a, co_window_paths_a,
          co_window_paths_b, co_window_cross_1, co_window_2corner,
          co_window_cross_3, co_window_broadway_c, co_window_cross_2,
          co_window_corner_ca, co_window_corner_cb, co_window_broadway_b,
          co_window_paths_e, glass_columns_a, glass_columns_a, glass_columns_c,
          the_bakery
D:8:      basic_altar
D:9:      david_orc_1_choice, serial_bayou, serial_bayou_pond_b,
          serial_bayou_crossing, serial_bayou_shore_b, serial_bayou_lagoon_a
D:10:     lemuel_castle_with_subvaults, serial_shops, kennysheep_mini,
          shop_fountains, uniq_gastronok
Temple:   nicolae_temple_the_god_donut

Table legend:
 A = Turns spent in this place as a percentage of turns spent in the entire game.
 B = Non-inter-level travel turns spent in this place as a percentage of non-inter-level travel turns spent in the entire game.
 C = Inter-level travel turns spent in this place as a percentage of turns spent in this place.
 D = Turns resting spent in this place as a percentage of non-inter-level travel turns spent in this place.
 E = Turns spent auto-exploring this place as a percentage of non-inter-level travel turns spent in this place.
 F = Non-inter-level travel turns spent in this place divided by the number of levels of this place that you've seen.
                   A       B       C       D       E      F
               +-------+-------+-------+-------+-------+----------------------
         Total | 100.0 | 100.0 |   0.5 |   2.9 |   9.3 | 296.9
       Dungeon |  99.2 |  99.2 |   0.6 |   3.0 |   9.4 | 323.9
        Temple |   0.8 |   0.8 |   0.0 |   0.0 |   0.0 |  27.0
               +-------+-------+-------+-------+-------+----------------------

Table legend:
 A = Kills in this place as a percentage of kills in entire the game.
 B = Kills by you in this place as a percentage of kills by you in the entire game.
 C = Kills by friends in this place as a percentage of kills by friends in the entire game.
 D = Other kills in this place as a percentage of other kills in the entire game.
 E = Experience gained in this place as a percentage of experience gained in the entire game.
 F = Experience gained in this place divided by the number of levels of this place that you have seen.
                   A       B       C       D       E      F
               +-------+-------+-------+-------+-------+----------------------
         Total | 100.0 | 100.0 | 100.0 |  -nan | 100.0 | 1091.5
       Dungeon |  99.2 |  99.2 | 100.0 |  -nan |  98.9 | 1187.9
        Temple |   0.8 |   0.8 |   0.0 |  -nan |   1.1 | 127.0
               +-------+-------+-------+-------+-------+----------------------
